 Dungeon Crawl Stone Soup version 0.24.0-123-gd5b16e6ec5 (webtiles) character file.

Game seed: 3598613129376466317, levelgen mode: deterministic

2327 Delamore the Cleaver (level 9, -9/64 HPs)
             Began as a Formicid Fighter on Jan 7, 2020.
             Was a Priest of Okawaru.
             Mangled by Joseph
             ... wielding a +0 quarterstaff of protection
              (11 damage)
             ... on level 7 of the Dungeon.
             The game lasted 00:05:39 (5607 turns).

Delamore the Cleaver (Formicid Fighter)             Turns: 5607, Time: 00:05:40

Health: -9/64      AC: 10    Str: 25    XL:     9   Next: 69%
Magic:  9/9        EV:  8    Int:  7    God:    Okawaru [***...]
Gold:   391        SH:  9    Dex: 10    Spells: 8/8 levels left

rFire    . . .     SeeInvis +   a - +0 war axe
rCold    . . .     Gourm    .   c - +0 shield
rNeg     . . .     Faith    +   b - +0 scale mail
rPois    +         Spirit   .   (helmet unavailable)
rElec    .         Reflect  .   y - +0 cloak
rCorr    .         Harm     .   (no gloves)
MR       .....                  (no boots)
Stlth    ..........             l - amulet of faith
HPRegen  0.20/turn              w - ring of poison resistance
MPRegen  0.11/turn              D - +2 ring of protection

@: no status effects
A: permanent stasis, dig shafts and tunnels, four strong arms, antennae 3
a: Dig, Shaft Self, Heroism, Renounce Religion


You were on level 7 of the Dungeon.
You worshipped Okawaru.
Okawaru was most pleased with you.
You were not hungry.

You visited 1 branch of the dungeon, and saw 7 of its levels.

You collected 391 gold pieces.

Inventory:

Hand Weapons
 a - a +0 war axe (weapon)
Missiles
 A - 7 javelins (quivered)
Armour
 b - a +0 scale mail (worn)
 c - a +0 shield (worn)
 y - a +0 cloak (worn)
Jewellery
 h - an uncursed amulet of the gourmand
 k - an uncursed ring of wizardry
 l - an amulet of faith (around neck)
 s - an uncursed ring of ice
 w - a ring of poison resistance (left hand)
 D - a +2 ring of protection (right hand)
Wands
 F - a wand of flame (15)
Scrolls
 g - a scroll of blinking {unknown}
 j - 8 scrolls of teleportation
 n - a scroll of fear {unknown}
 o - a scroll of amnesia {unknown}
 p - 2 scrolls of enchant weapon {unknown}
 v - a scroll of magic mapping {unknown}
 x - 4 scrolls of remove curse {unknown}
 z - 3 scrolls of fog {unknown}
 B - a scroll of noise {unknown}
 E - a scroll of summoning {unknown}
 G - a scroll of identify
Potions
 d - 2 potions of might
 e - a potion of brilliance
 i - a potion of mutation
 m - a potion of cancellation
 q - a potion of ambrosia
 r - a potion of magic
 t - a potion of lignification
 u - a potion of haste
 C - a potion of curing
Comestibles
 f - 11 rations


   Skills:
 - Level 3.2 Fighting
 + Level 12.2 Axes
 - Level 3.2 Armour
 - Level 3.6 Shields


You had 8 spell levels left.
You didn't know any spells.
Your spell library contained the following spells:

 Spells                   Type           Power        Failure   Level  Hunger
 Magic Dart               Conj           #...         98%         1    ##.....
 Summon Small Mammal      Summ           #...         98%         1    ##.....
 Call Imp                 Summ           #.......     99%         2    ###....
 Searing Ray              Conj           #.....       99%         2    ###....
 Call Canine Familiar     Summ           #.......     100%        3    ####...
 Dazzling Spray           Conj/Hex       #.....       100%        3    ####...
 Summon Guardian Golem    Hex/Summ       #.......     100%        3    ####...
 Force Lance              Conj/Tloc      #.......     100%        4    #####..
 Fulminant Prism          Conj/Hex       #.........   100%        4    #####..
 Iskenderun's Mystic Bla  Conj           #.......     100%        4    #####..
 Summon Ice Beast         Ice/Summ       #.......     100%        4    #####..
 Summon Lightning Spire   Summ/Air       #.......     100%        4    #####..


Dungeon Overview and Level Annotations

Branches:
Dungeon (7/15)
 Temple: D:4-7

Altars:
Cheibriados
Dithmenos
Fedhas
Gozag
Nemelex Xobeh
Okawaru
Qazlal
Trog
Wu Jian
Xom

Annotations:
D:7 Joseph


Innate Abilities, Weirdness & Mutations

You cannot be hasted, slowed, berserked, paralysed or teleported.
You can dig through walls and to a lower floor.
Your four strong arms can wield two-handed weapons with a shield.
You have a pair of large antennae on your head. (SInv)


Message History

Joseph is severely wounded.
Joseph hits you with a +0 quarterstaff of protection!
You barely miss Joseph.
Joseph is severely wounded.
Joseph hits you but does no damage.
You barely miss Joseph.
Joseph is severely wounded.
Joseph hits you with a +0 quarterstaff of protection.
* * * LOW HITPOINT WARNING * * *
You closely miss Joseph.
Joseph is severely wounded.
You slash Joseph!
Joseph is almost dead.
Joseph hits you with a +0 quarterstaff of protection!
* * * LOW HITPOINT WARNING * * *
Okay, then.
You barely miss Joseph.
Joseph is almost dead.
Joseph hits you with a +0 quarterstaff of protection!
You die...

## ## #.## .# #..#
#.# #..##.# #@...#
.#####.@..######
(......(...#....
....).........#
#####..(.#..###
##..(....##
###.........##
#.......(....##
...........)...###
..######...##......


You could see Joseph.

Vanquished Creatures
  Pikel (D:7)
  Eustachio (D:4)
  Menkaure (D:6)
  A water moccasin (D:6)
  An orc warrior (D:5)
  A sky beast (D:6)
  A phantom (D:3)
  4 ogres
  A centaur (D:7)
  A bullfrog (D:6)
  2 scorpions
  A howler monkey (D:6)
  2 hounds (D:6)
  2 jellies
  2 orc wizards
  An orc priest (D:6)
  A centaur skeleton (D:5)
  Crazy Yiuf (D:3)
  A bullfrog skeleton (D:6)
  4 worker ants
  2 hound skeletons
  Robin (D:2)
  7 gnolls
  5 adders
  An ooze (D:5)
  A worm (D:3)
  2 dart slugs
  6 leopard geckos
  14 orcs
  2 ball pythons
  2 giant cockroaches (D:5)
  5 hobgoblins
  6 jackals
  3 kobolds
  2 quokkas
  3 bats
  A frilled lizard (D:5)
  14 goblins
  A leopard gecko zombie (D:5)
  3 rats
111 creatures vanquished.

Vanquished Creatures (others)
  A slave (D:7)
1 creature vanquished.

Grand Total: 112 creatures vanquished

Notes
Turn   | Place    | Note
-------+----------+-------------------------------------------
     0 | D:1      | Delamore the Formicid Fighter began the quest for the Orb.
     0 | D:1      | Reached XP level 1. HP: 18/18 MP: 1/1
   209 | D:1      | Reached XP level 2. HP: 24/24 MP: 2/2
   586 | D:2      | Noticed Robin
   592 | D:2      | Reached skill level 3 in Axes
   598 | D:2      | Reached XP level 3. HP: 15/29 MP: 3/3
   607 | D:2      | Killed Robin
   852 | D:2      | Found a shimmering altar of Xom.
   866 | D:2      | Reached skill level 4 in Axes
   866 | D:2      | Reached XP level 4. HP: 22/35 MP: 4/4
  1331 | D:3      | Reached XP level 5. HP: 34/41 MP: 5/5
  1364 | D:3      | Found a runed translucent door.
  1365 | D:3      | Noticed Crazy Yiuf
  1371 | D:3      | Killed Crazy Yiuf
  1371 | D:3      | Reached skill level 5 in Axes
  1507 | D:3      | Noticed a phantom
  1525 | D:3      | Killed a phantom
  1525 | D:3      | Reached skill level 6 in Axes
  1525 | D:3      | Reached XP level 6. HP: 41/47 MP: 6/6
  1838 | D:4      | Noticed Eustachio
  1866 | D:4      | Killed Eustachio
  1866 | D:4      | Reached skill level 7 in Axes
  1866 | D:4      | Reached XP level 7. HP: 31/52 MP: 7/7
  2205 | D:4      | Reached skill level 8 in Axes
  2602 | D:4      | HP: 2/52 [gnoll/+0 halberd (10)]
  2882 | D:4      | Found an iron altar of Okawaru.
  2900 | D:4      | Became a worshipper of Warmaster Okawaru
  3095 | D:5      | Entered Level 5 of the Dungeon
  3106 | D:5      | Found a snail-covered altar of Cheibriados.
  3245 | D:5      | Reached XP level 8. HP: 20/58 MP: 8/8
  3689 | D:5      | Reached skill level 9 in Axes
  3857 | D:5      | Found a stormy altar of Qazlal.
  3933 | D:6      | Found a blossoming altar of Fedhas.
  4105 | D:6      | Reached * piety under Okawaru
  4174 | D:6      | Reached skill level 10 in Axes
  4285 | D:6      | Noticed Menkaure
  4785 | D:6      | Killed Menkaure
  4785 | D:6      | Reached XP level 9. HP: 36/64 MP: 9/9
  4886 | D:6      | Found an opulent altar of Gozag.
  4896 | D:6      | Reached ** piety under Okawaru
  4900 | D:6      | Found a bloodstained altar of Trog.
  4902 | D:6      | Found a shadowy altar of Dithmenos.
  4907 | D:6      | Found an ornate altar of the Wu Jian Council.
  5079 | D:7      | Reached skill level 11 in Axes
  5131 | D:7      | Noticed Pikel
  5142 | D:7      | Killed Pikel
  5142 | D:7      | Reached *** piety under Okawaru
  5358 | D:7      | Found a sparkling altar of Nemelex Xobeh.
  5399 | D:7      | Reached skill level 12 in Axes
  5584 | D:7      | Noticed Joseph
  5606 | D:7      | HP: 2/64 [Joseph/+0 quarterstaff of protection (16)]
  5607 | D:7      | Mangled by Joseph

Levels and vault maps discovered:
D:1:      psy_arrival_fountain, layout_loops_ring
D:2:      layout_basic, lemuel_doored_altar, uniq_robin
D:3:      layout_rooms, uniq_crazy_yiuf_cottage
D:4:      layout_basic, okawaru_trees_1, uniq_eustachio
D:5:      layout_basic, old_standard_altar, grunt_qazlal_clouds, first_ration,
          hangedman_decor_lopped
D:6:      layout_loops_ring, minitemple, fedhas_altar_2, uniq_menkaure
D:7:      layout_layer_cave, nicolae_overflow_crystal_walls,
          minmay_temple_entry_enclosed_plants, uniq_joseph, uniq_pikel

Skill      XL: |  1  2  3  4  5  6  7  8  9 |
---------------+----------------------------+-----
Axes           | 3 4 6 7 8 10 12 | 12.2
Fighting       | |  3.2
Armour         | |  3.2
Shields        | |  3.6

Action                   |  1- 3 |  4- 6 |  7- 9 || total
-------------------------+-------+-------+-------++-------
Melee: War axe           |    42 |    73 |   260 ||   375
Throw: Javelin           |       |     8 |       ||     8
  Use: Scroll            |       |       |     7 ||     7
       Potion            |       |       |     4 ||     4
  Eat: Chunk             |       |     3 |    12 ||    15
Armor: Scale mail        |    30 |    58 |    79 ||   167
Dodge: Dodged            |    18 |    36 |    75 ||   129
Block: Shield            |    24 |    76 |   131 ||   231
